[Event "Titled Tuesday Blitz July 11 Early 2023"]
[White "Pranav, V"]
[Black "Arabidze, Meri"]
[WhiteFideId "25060783"]
[BlackFideId "13604040"]
[WhiteElo "2940"]
[BlackElo "2645"]
[Result "1-0"]
[Round "5"]
[TimeControl "180+2"]
[Date "2023.07.11"]
[WhiteClock "0:02:25"]
[BlackClock "0:00:24"]
[Board "23"]

1. e4 c5 2. Nf3 e6 3. d4 cxd4 4. Nxd4 Nc6 5. Nc3 a6 6. g3 Nf6 7. Bg2 Bc5 8. Nxc6 bxc6 9. e5 Nd5 10. Ne4 Be7 11. O-O f6 12. c4 fxe5 13. cxd5 exd5 14. Qh5+ g6 15. Qxe5 O-O 16. Bh6 Rf7 17. Ng5 Bxg5 18. Bxg5 Qf8 19. Qc3 Bb7 20. Qd2 Re8 21. Rfe1 Rf5 22. Bh6 Qf7 23. Rxe8+ Qxe8 24. Re1 Re5 25. Rxe5 Qxe5 26. Qb4 Qb8 27. Qe7 1-0


[Site "https://www.chess.com"]

[Event "Titled Tuesday Blitz July 11 Early 2023"]
[White "Chigaev, Maksim"]
[Black "Koshulyan, Egor A."]
[WhiteFideId "4108116"]
[BlackFideId "24237000"]
[WhiteElo "2928"]
[BlackElo "2642"]
[Result "1/2-1/2"]
[Round "5"]
[TimeControl "180+2"]
[Date "2023.07.11"]
[WhiteClock "0:00:06"]
[BlackClock "0:00:39"]
[Board "24"]

1. e4 c5 2. Nf3 Nc6 3. Bb5 g5 4. Nxg5 Nf6 5. Nc3 Rg8 6. d3 h6 7. Nh3 Rxg2 8. Nf4 Rg8 9. Bxc6 dxc6 10. Be3 e5 11. Nfe2 Ng4 12. Qd2 Nxe3 13. Qxe3 Be7 14. O-O-O Bg5 15. f4 exf4 16. Nxf4 Qd4 17. Qd2 Bg4 18. Rde1 O-O-O 19. h4 Bf6 20. Qe3 Be5 21. Qxd4 cxd4 22. Nce2 Bxe2 23. Nxe2 Rg2 24. Kd1 Rdg8 25. Reg1 Kd7 26. h5 c5 27. Ke1 R2g5 28. Rxg5 Rxg5 29. Kf2 Ke6 30. Kf3 f5 31. b3 fxe4+ 32. dxe4 b5 33. a4 a6 34. axb5 axb5 35. Nf4+ 1/2-1/2


[Site "https://www.chess.com"]

[Event "Titled Tuesday Blitz July 11 Early 2023"]
[White "Djokic, Mihailo"]
[Black "Gordievsky, Dmitry"]
[WhiteFideId "976440"]
[BlackFideId "24112798"]
[WhiteElo "2634"]
[BlackElo "2900"]
[Result "0-1"]
[Round "5"]
[TimeControl "180+2"]
[Date "2023.07.11"]
[WhiteClock "0:00:10"]
[BlackClock "0:00:31"]
[Board "25"]

1. e4 c6 2. d4 d5 3. e5 Bf5 4. h4 h5 5. Bg5 Qb6 6. Bd3 Qxd4 7. Nf3 Qg4 8. Bxf5 Qxf5 9. O-O f6 10. exf6 gxf6 11. Nd4 Qg4 12. f3 Qd7 13. Bc1 e5 14. Nb3 Na6 15. c4 dxc4 16. N3d2 O-O-O 17. Kh2 Nc5 18. Qc2 Qd3 19. Qxc4 Qxc4 20. Nxc4 Rd4 21. Ne3 Rxh4+ 22. Kg3 Rd4 23. Nf5 Rd7 24. Be3 Ne7 25. Nh4 Rg8+ 26. Kh3 Nd3 27. Nc3 Nxb2 28. Ne4 Nd5 29. Bxa7 Be7 30. Kh2 b6 31. Rab1 Na4 32. Rfc1 Rxa7 33. Rxc6+ Kd7 34. Rc4 Nc5 35. Rd1 Ke6 36. Rd2 f5 37. Nxf5 Kxf5 38. Rxd5 Rxa2 39. Ng3+ Ke6 40. Rd1 h4 41. Nf1 Raxg2+ 42. Kh3 Rg1 43. Rb4 Rh1+ 44. Nh2 Rg3# 0-1


[Site "https://www.chess.com"]

[Event "Titled Tuesday Blitz July 11 Early 2023"]
[White "Antipov, Mikhail Al."]
[Black "Stepanencu, Nicodim-Cosmin"]
[WhiteFideId "4107012"]
[BlackFideId "1256220"]
[WhiteElo "2896"]
[BlackElo "2634"]
[Result "1-0"]
[Round "5"]
[TimeControl "180+2"]
[Date "2023.07.11"]
[WhiteClock "0:01:11"]
[BlackClock "0:00:03"]
[Board "26"]

1. e4 a6 2. d4 c6 3. Bd3 d5 4. exd5 cxd5 5. h3 g6 6. Nf3 Bf5 7. Bxf5 gxf5 8. O-O e6 9. c4 Nf6 10. Nc3 Nc6 11. Re1 Be7 12. Bg5 dxc4 13. d5 Nxd5 14. Nxd5 Qxd5 15. Qxd5 exd5 16. Rad1 Rd8 17. Ne5 O-O 18. Nxc6 Bxg5 19. Nxd8 Rxd8 20. Re5 d4 21. Rxf5 Bh6 22. Rc5 b5 23. a4 Bf8 24. Rc6 Bg7 25. Rc5 Rb8 26. axb5 axb5 27. Kf1 c3 28. bxc3 dxc3 29. Rb1 b4 30. Rb3 Ra8 31. Rxb4 Bf8 32. Rg4+ Kh8 33. Rxc3 f5 34. Rf4 Ra5 35. g4 Bd6 36. Rxf5 Ra1+ 37. Kg2 Ra2 1-0


[Site "https://www.chess.com"]

[Event "Titled Tuesday Blitz July 11 Early 2023"]
[White "NLLO777"]
[Black "Zhigalko, Sergei"]
[BlackFideId "13502956"]
[WhiteElo "2624"]
[BlackElo "2883"]
[Result "0-1"]
[Round "5"]
[TimeControl "180+2"]
[Date "2023.07.11"]
[WhiteClock "0:00:01"]
[BlackClock "0:00:23"]
[Board "27"]

1. Nf3 d5 2. g3 c6 3. c4 Nf6 4. Bg2 dxc4 5. a4 Qd5 6. O-O g6 7. Na3 Bg7 8. Qc2 Be6 9. Re1 Na6 10. h4 Qc5 11. Ng5 Ng4 12. Rf1 Bd5 13. e4 Nb4 14. Qd1 Nxf2 15. Rxf2 Nd3 16. exd5 Qxf2+ 17. Kh1 Ne1 18. Be4 Bd4 19. Nh3 Qxg3 20. d3 Qxh3# 0-1


[Site "https://www.chess.com"]

[Event "Titled Tuesday Blitz July 11 Early 2023"]
[White "Grandelius, Nils"]
[Black "Ezat, Mohamed"]
[WhiteFideId "1710400"]
[BlackFideId "10600906"]
[WhiteElo "2864"]
[BlackElo "2622"]
[Result "1-0"]
[Round "5"]
[TimeControl "180+2"]
[Date "2023.07.11"]
[WhiteClock "0:01:42"]
[BlackClock "0:00:26"]
[Board "28"]

1. d4 Nf6 2. Nf3 g6 3. Bg5 Bg7 4. Nbd2 d5 5. e3 O-O 6. c3 Bg4 7. Be2 c5 8. O-O cxd4 9. exd4 Nc6 10. h3 Bxf3 11. Nxf3 Ne4 12. Be3 e5 13. dxe5 Nxe5 14. Nxe5 Bxe5 15. Qb3 Nf6 16. Rad1 Qe7 17. Bf3 a5 18. a4 Bd6 19. Bxd5 Qe5 20. g3 Qe7 21. Qxb7 Bc7 22. Bb6 Rac8 23. Rfe1 Qd7 24. Bg2 1-0


[Site "https://www.chess.com"]

[Event "Titled Tuesday Blitz July 11 Early 2023"]
[White "Henriquez Villagra, Cristobal"]
[Black "Goldin, Alexander"]
[WhiteFideId "3409350"]
[BlackFideId "2019540"]
[WhiteElo "2859"]
[BlackElo "2619"]
[Result "0-1"]
[Round "5"]
[TimeControl "180+2"]
[Date "2023.07.11"]
[WhiteClock "0:00:02"]
[BlackClock "0:00:06"]
[Board "29"]

1. g3 d5 2. Bg2 c6 3. d3 Nf6 4. f4 g6 5. Nf3 Bg7 6. O-O O-O 7. c3 a5 8. a4 Qc7 9. Qc2 Nbd7 10. e4 e5 11. fxe5 Nxe5 12. Nxe5 Qxe5 13. d4 Qh5 14. e5 Ne4 15. Nd2 Nxd2 16. Bxd2 Bf5 17. Qb3 Bd3 18. Rf2 Ba6 19. Re1 Rae8 20. h3 f6 21. e6 Bh6 22. Qc2 Bxd2 23. Qxd2 Qg5 24. Re3 Re7 25. h4 Qh6 26. Kh2 Qg7 27. Qe1 Rfe8 28. Bh3 b6 29. Qd1 f5 30. Qb3 b5 31. axb5 Bxb5 32. Qa3 a4 33. Qd6 Qf6 34. g4 Qxh4 35. Qf4 fxg4 36. Rg3 h5 37. Qf7+ Rxf7 38. exf7+ Kf8 39. fxe8=Q+ Kxe8 40. Re3+ Kd7 41. Rf4 Kd6 42. Kg1 Qg5 0-1


[Site "https://www.chess.com"]

[Event "Titled Tuesday Blitz July 11 Early 2023"]
[White "HamedWafa4"]
[Black "Timofeev, Artyom"]
[BlackFideId "4140419"]
[WhiteElo "2618"]
[BlackElo "2841"]
[Result "1/2-1/2"]
[Round "5"]
[TimeControl "180+2"]
[Date "2023.07.11"]
[WhiteClock "0:00:52"]
[BlackClock "0:00:46"]
[Board "30"]

1. e4 d6 2. d4 Nf6 3. Nc3 g6 4. Be3 c6 5. Qd2 b5 6. f3 b4 7. Nce2 a5 8. O-O-O Be6 9. Kb1 Nbd7 10. Nf4 Nb6 11. Nxe6 fxe6 12. g4 Qc7 13. h4 e5 14. dxe5 dxe5 15. g5 Nfd7 16. Bh3 Bg7 17. h5 gxh5 18. Bf5 Rd8 19. Ne2 Nc4 20. Qc1 Nf8 21. Rxd8+ Qxd8 22. Rd1 Qc7 23. Bc5 Nd6 24. Ng3 Ng6 25. Nxh5 O-O 26. Nxg7 Kxg7 27. Bxg6 hxg6 28. Bxd6 exd6 29. Qe3 c5 30. b3 Qe7 31. Qd3 Rd8 32. Qb5 Qxg5 33. Qxa5 Qe7 34. a4 bxa3 35. Qxa3 Rf8 36. Rd3 g5 37. Qa6 Rf6 38. Kb2 Qc7 39. Qa8 Qe7 40. Qc6 1/2-1/2


[Site "https://www.chess.com"]

[Event "Titled Tuesday Blitz July 11 Early 2023"]
[White "Nefedov, Sergey"]
[Black "Beerdsen, Thomas"]
[WhiteFideId "24113417"]
[BlackFideId "1030108"]
[WhiteElo "2611"]
[BlackElo "2832"]
[Result "1-0"]
[Round "5"]
[TimeControl "180+2"]
[Date "2023.07.11"]
[WhiteClock "0:00:11"]
[BlackClock "0:00:31"]
[Board "31"]

1. d4 Nf6 2. Nf3 b5 3. Bg5 Bb7 4. Bxf6 gxf6 5. Nbd2 e6 6. e4 b4 7. Bd3 c5 8. d5 Rg8 9. O-O Na6 10. Nc4 Nc7 11. Re1 d6 12. a3 a5 13. Qd2 Be7 14. Qh6 Bf8 15. Qxh7 Rg7 16. Qh5 e5 17. Nh4 Rg5 18. Qf3 Nb5 19. Nf5 b3 20. Nxe5 Qb6 21. Ng4 O-O-O 22. c4 Nc7 23. h4 Rg8 24. Nxf6 Rg6 25. Ng4 Kb8 26. h5 Rg5 27. h6 Bc8 28. Nge3 Rg8 29. g3 Rh8 30. Qf4 Ne8 31. Kg2 Nf6 32. Rh1 Qc7 33. Qg5 Nd7 34. f4 Re8 35. Rae1 Nb6 36. Ng4 Na4 37. Re2 Ka7 38. Nf6 Rd8 39. h7 Be7 40. Nxe7 Qxe7 41. e5 dxe5 42. Qxe5 Qb7 43. Qe7 Bd7 44. Nxd7 Rxd7 45. Qf6 Qc8 46. Bf5 Nb6 47. Bxd7 Nxd7 48. Re7 Kb8 49. Qd6+ Ka8 50. Qxd7 Qxd7 51. Rxd7 a4 52. Rxf7 Kb8 53. Rg7 Kc8 54. Rg8+ Kd7 55. Rxh8 Ke7 56. Rg8 Kf6 57. h8=Q+ Kf5 58. Qe5# 1-0


[Site "https://www.chess.com"]

[Event "Titled Tuesday Blitz July 11 Early 2023"]
[White "Pakleza, Zbigniew"]
[Black "Ovchinnikov, Vsevolod"]
[WhiteFideId "1119290"]
[BlackFideId "24176842"]
[WhiteElo "2824"]
[BlackElo "2609"]
[Result "0-1"]
[Round "5"]
[TimeControl "180+2"]
[Date "2023.07.11"]
[WhiteClock "0:00:03"]
[BlackClock "0:00:06"]
[Board "32"]

1. d4 Nf6 2. Nf3 g6 3. Bf4 Bg7 4. e3 d6 5. h3 Nfd7 6. Be2 e5 7. Bh2 Nc6 8. O-O O-O 9. c4 h6 10. Nc3 f5 11. Rc1 g5 12. dxe5 dxe5 13. Qd5+ Kh8 14. Rfd1 f4 15. exf4 exf4 16. a3 a6 17. Bf1 Qf6 18. b4 Nb6 19. Qd2 Be6 20. Nd5 Qf7 21. Nxb6 cxb6 22. b5 axb5 23. cxb5 Rfd8 24. Qe1 Nd4 25. Ne5 Qf6 26. Nc4 Bd5 27. f3 Bxf3 28. Rd2 Bh5 29. Kh1 Re8 30. Qf2 Rad8 31. Bg1 Bf7 32. Rcd1 Nxb5 33. Nxb6 Rxd2 34. Rxd2 Nc3 35. Qd4 Ne4 36. Qxf6 Bxf6 37. Rd7 Ng3+ 38. Kh2 Nxf1+ 39. Kh1 Ng3+ 40. Kh2 Be6 41. Rxb7 Be5 42. a4 f3 43. gxf3 Ne2+ 44. Kg2 Nf4+ 45. Kf2 Nxh3+ 46. Kf1 Nxg1 47. Kxg1 Bd4+ 48. Kg2 Bxb6 49. Re7 Rxe7 0-1


[Site "https://www.chess.com"]

[Event "Titled Tuesday Blitz July 11 Early 2023"]
[White "Borgaonkar Akshay"]
[Black "Zemlyanskii, Ivan"]
[WhiteFideId "25639110"]
[BlackFideId "24249971"]
[WhiteElo "2608"]
[BlackElo "2789"]
[Result "1/2-1/2"]
[Round "5"]
[TimeControl "180+2"]
[Date "2023.07.11"]
[WhiteClock "0:01:12"]
[BlackClock "0:00:11"]
[Board "33"]

1. e4 c5 2. Nf3 e6 3. d4 cxd4 4. Nxd4 Nf6 5. Nc3 Nc6 6. Ndb5 Bc5 7. Nd6+ Ke7 8. Bf4 e5 9. Nf5+ Kf8 10. Bg5 d6 11. Bd3 h6 12. Bxf6 Qxf6 13. Nd5 Qd8 14. O-O g6 15. Nfe3 Kg7 16. c3 Be6 17. b4 Bxe3 18. Nxe3 Ne7 19. Bc4 Qd7 20. Bd5 f5 21. f3 Nxd5 22. Nxd5 Rac8 23. Rc1 b5 24. Qd3 f4 25. Rfd1 Rc4 26. a4 Rhc8 27. axb5 Qxb5 28. Ra1 Qb7 29. Ra3 Bxd5 30. Qxd5 Qb6+ 31. Kh1 Rxc3 32. Rxc3 Rxc3 33. h3 Qxb4 34. Qxd6 Qxd6 35. Rxd6 Rc5 36. Rd7+ Kf6 37. Rxa7 h5 38. h4 Rc6 39. Kh2 Rd6 40. Ra8 Kf7 41. Ra5 Kf6 42. Rc5 Re6 43. Rc8 Ra6 44. Kg1 Ra1+ 45. Kh2 Ra6 46. Rd8 1/2-1/2


[Site "https://www.chess.com"]

[Event "Titled Tuesday Blitz July 11 Early 2023"]
[White "Kozak, Antoni"]
[Black "Sadykov, Ramil"]
[WhiteFideId "21832030"]
[BlackFideId "24113590"]
[WhiteElo "2785"]
[BlackElo "2605"]
[Result "0-1"]
[Round "5"]
[TimeControl "180+2"]
[Date "2023.07.11"]
[WhiteClock "0:00:12"]
[BlackClock "0:00:06"]
[Board "34"]

1. d4 Nf6 2. Nf3 g6 3. Bf4 Bg7 4. e3 O-O 5. h3 d5 6. Be2 c5 7. O-O Qb6 8. b3 Nc6 9. c3 Ne4 10. Nfd2 Nxd2 11. Nxd2 e5 12. dxe5 Nxe5 13. Rc1 Be6 14. Nf3 Nxf3+ 15. Bxf3 Rfd8 16. Qc2 Rac8 17. Rfd1 Qa5 18. Bg5 Rd7 19. Bh4 h6 20. Bg3 Rcd8 21. Bh4 Rc8 22. Bg3 Rcd8 23. Rd2 Bf5 24. Qb2 d4 25. cxd4 cxd4 26. b4 Qb6 27. e4 d3 28. Qa3 Be6 29. Rcd1 Bc4 30. e5 Bf8 31. Rb1 a5 32. Qxa5 Qd4 33. Qa3 b5 34. Qb2 Qxb2 35. Rbxb2 Ra7 36. Bf4 Ra4 37. Be4 Bxb4 38. Rd1 Bc3 39. Rbb1 Bxa2 40. Rbc1 Rxe4 41. Rxc3 Rxf4 42. Rd2 Bc4 43. Ra3 Re4 44. e6 Rxe6 45. Ra7 Red6 46. g3 Rd4 47. h4 Kg7 48. Rb7 h5 49. f4 R4d7 50. Kf2 Rxb7 0-1


[Site "https://www.chess.com"]

[Event "Titled Tuesday Blitz July 11 Early 2023"]
[White "Lana Rodriguez, David"]
[Black "Goltsev, Dmitry"]
[WhiteFideId "2270803"]
[BlackFideId "24176710"]
[WhiteElo "2601"]
[BlackElo "2773"]
[Result "0-1"]
[Round "5"]
[TimeControl "180+2"]
[Date "2023.07.11"]
[WhiteClock "0:00:20"]
[BlackClock "0:00:05"]
[Board "35"]

1. e4 e6 2. Nf3 d5 3. e5 c5 4. b4 cxb4 5. d4 Nc6 6. a3 Nge7 7. axb4 Nxb4 8. Ba3 Nf5 9. c3 Nc6 10. Bd3 Nh4 11. O-O Nxf3+ 12. Qxf3 a6 13. Nd2 Bxa3 14. Rxa3 Qg5 15. Qe2 f5 16. f4 Qe7 17. Ra2 O-O 18. Nb3 Nd8 19. Rb1 Qc7 20. Nc5 b6 21. Na4 b5 22. Nc5 Nb7 23. Nb3 Bd7 24. Qd2 a5 25. Nc1 b4 26. cxb4 a4 27. Ne2 Qb6 28. b5 Rfc8 29. Qb4 Qa5 30. Qxa5 Rxa5 31. Rb4 a3 32. Rb3 Rca8 33. Nc3 Kf7 34. Nb1 Ke7 35. Rbxa3 Rxa3 36. Rxa3 Rxa3 37. Nxa3 Kd8 38. Kf2 Kc7 39. Ke3 Kb6 40. Kd2 Ka5 41. Kc3 Ka4 42. Kb2 Kb4 43. Nc2+ Ka4 44. Na3 Kb4 45. Be2 Na5 46. b6 Nb7 47. Ba6 Na5 48. b7 Nc6 49. Bb5 Nb8 50. Bxd7 Nxd7 51. Nc2+ Kb5 52. Kc3 Kb6 53. Kb4 Kxb7 54. Kb5 Kc7 55. Nb4 h6 56. Na6+ Kd8 57. Kc6 Ke7 58. Nc7 Nb8+ 59. Kc5 Nd7+ 60. Kb5 g5 61. g3 gxf4 62. gxf4 Nf8 63. Kc6 Ng6 64. Na8 Nxf4 65. Nb6 Ne2 66. Nc8+ Kd8 67. Nb6 Nxd4+ 68. Kd6 f4 69. Na4 f3 70. Nc5 f2 0-1


[Site "https://www.chess.com"]

[Event "Titled Tuesday Blitz July 11 Early 2023"]
[White "Al-Tarboush, Ward"]
[Black "Gorovets, Andrey"]
[WhiteFideId "7601450"]
[BlackFideId "13504037"]
[WhiteElo "2600"]
[BlackElo "2767"]
[Result "0-1"]
[Round "5"]
[TimeControl "180+2"]
[Date "2023.07.11"]
[WhiteClock "0:00:10"]
[BlackClock "0:00:08"]
[Board "36"]

1. d4 f5 2. g3 Nf6 3. Bg2 e6 4. Nf3 d5 5. O-O Bd6 6. Ne5 c5 7. c4 cxd4 8. Qxd4 Nc6 9. Nxc6 bxc6 10. cxd5 cxd5 11. Nc3 Qb6 12. Qh4 O-O 13. Bg5 Bb7 14. Be3 Qxb2 15. Rab1 Qxc3 16. Rxb7 Qa5 17. Bd4 e5 18. Ba1 Rab8 19. Rxb8 Bxb8 20. f4 Ng4 21. h3 Qc5+ 22. Kh1 Ne3 23. Rb1 Nxg2 24. Kxg2 Qc2 25. Re1 Qe4+ 26. Kg1 exf4 27. Qg5 d4 28. gxf4 Bxf4 29. Qg2 Be3+ 30. Kh1 Rc8 31. Rf1 Rc2 32. Rb1 Qxg2+ 33. Kxg2 Rxe2+ 34. Kg3 g5 35. Rb8+ Kf7 36. Rb7+ Kg6 37. Rxa7 Rf2 38. h4 f4+ 39. Kh3 Rf3+ 40. Kg2 g4 41. Ra6+ Kf5 42. Ra5+ Ke4 43. Rg5 Rf2+ 44. Kh1 Kf3 0-1


[Site "https://www.chess.com"]

[Event "Titled Tuesday Blitz July 11 Early 2023"]
[White "Piesik, Piotr"]
[Black "Schmakel, Sam"]
[WhiteFideId "1136194"]
[BlackFideId "2039311"]
[WhiteElo "2599"]
[BlackElo "2766"]
[Result "0-1"]
[Round "5"]
[TimeControl "180+2"]
[Date "2023.07.11"]
[WhiteClock "0:01:18"]
[BlackClock "0:00:49"]
[Board "37"]

1. Nf3 g6 2. g3 Bg7 3. d4 f5 4. Bg2 Nf6 5. O-O O-O 6. c3 d6 7. Nbd2 Nc6 8. Qc2 e5 9. dxe5 dxe5 10. e4 f4 11. Nc4 Qe8 12. gxf4 Nh5 13. fxe5 Bg4 14. Nd4 Nxe5 15. Nxe5 Qxe5 16. f4 Nxf4 17. Bxf4 Rxf4 18. Rxf4 Qxf4 19. Rf1 Qe3+ 20. Qf2 Qxf2+ 21. Kxf2 Rf8+ 22. Ke3 Rxf1 23. Bxf1 Be5 24. h3 Bd7 25. Bc4+ Kf8 26. Nf3 Bg3 27. Bf1 Ke7 28. Ng5 h6 29. Nf3 c5 30. Nd2 b6 31. Nc4 Be6 32. Kf3 Bc7 33. a3 g5 34. Ne3 Bf4 35. b4 Bxe3 36. Kxe3 Kd6 37. Be2 Bxh3 0-1


[Site "https://www.chess.com"]

[Event "Titled Tuesday Blitz July 11 Early 2023"]
[White "Preotu, Razvan"]
[Black "ATM622"]
[WhiteFideId "2613280"]
[WhiteElo "2756"]
[BlackElo "2593"]
[Result "1-0"]
[Round "5"]
[TimeControl "180+2"]
[Date "2023.07.11"]
[WhiteClock "0:02:20"]
[BlackClock "0:02:11"]
[Board "38"]

1. e4 c6 2. Nc3 d5 3. Nf3 dxe4 4. Nxe4 Bf5 5. Ng3 Bg6 6. h4 h6 7. Ne5 Bh7 8. Qh5 g6 9. Bc4 e6 10. Qe2 Bg7 11. Nxf7 Qe7 12. Nxh8 Bxh8 13. Qxe6 Qxe6+ 14. Bxe6 Nf6 15. d3 Na6 16. Bxh6 Nc7 17. Bb3 O-O-O 18. O-O-O Ng4 19. Bg5 Rf8 20. Ne4 Nxf2 21. Rhf1 Bd4 22. Nxf2 Rxf2 23. Rxf2 Bxf2 24. Rf1 Bc5 25. Rf7 Bg8 26. Rxc7+ Kxc7 27. Bxg8 1-0


[Site "https://www.chess.com"]

[Event "Titled Tuesday Blitz July 11 Early 2023"]
[White "Vlassov, Nikolai"]
[Black "Concio, Michael Jr."]
[WhiteFideId "4103360"]
[BlackFideId "5217873"]
[WhiteElo "2593"]
[BlackElo "2751"]
[Result "0-1"]
[Round "5"]
[TimeControl "180+2"]
[Date "2023.07.11"]
[WhiteClock "0:00:04"]
[BlackClock "0:01:07"]
[Board "39"]

1. e4 e5 2. Bc4 Nc6 3. f4 exf4 4. d4 g5 5. h4 g4 6. Bxf4 Qf6 7. Ne2 Bh6 8. e5 Qe7 9. Nbc3 Qb4 10. Qd3 b5 11. Bxb5 Nxd4 12. Bxh6 Nxe2 13. Bg7 Nf4 14. Qc4 Qxb2 15. O-O Ne6 16. Bxh8 c6 17. Bxc6 Qb6+ 18. Kh2 Qxc6 19. Qxg4 Nh6 20. Qg3 Bb7 21. Rae1 O-O-O 22. Ne4 Rg8 23. Qe3 Ng4+ 0-1


[Site "https://www.chess.com"]

[Event "Titled Tuesday Blitz July 11 Early 2023"]
[White "Mahdavi, Reza"]
[Black "Altman, Joshua"]
[WhiteFideId "12595926"]
[BlackFideId "426210"]
[WhiteElo "2745"]
[BlackElo "2592"]
[Result "1-0"]
[Round "5"]
[TimeControl "180+2"]
[Date "2023.07.11"]
[WhiteClock "0:00:48"]
[BlackClock "0:00:24"]
[Board "40"]

1. e4 e6 2. d4 d5 3. Nc3 dxe4 4. Nxe4 Nd7 5. Nf3 Ngf6 6. Bd3 c5 7. O-O cxd4 8. Qe2 Be7 9. Rd1 O-O 10. Bg5 h6 11. Bh4 Nxe4 12. Qxe4 g6 13. Bxe7 Qxe7 14. Qxd4 Nc5 15. Ne5 Nxd3 16. Rxd3 Qf6 17. Rf3 Qg7 18. Rd1 b6 19. Qe4 Rb8 20. Qf4 Bb7 21. Rfd3 g5 22. Qg3 Rbc8 23. c3 Bd5 24. b3 b5 25. c4 bxc4 26. bxc4 Bxc4 27. Rd7 Bd5 28. Qe3 Rfd8 29. Rxf7 Qxf7 30. Nxf7 Kxf7 31. Qxa7+ Kg6 32. a4 Bb3 33. Re1 Ra8 34. Qe3 Bd5 35. Ra1 Ra6 36. Qd3+ 1-0


[Site "https://www.chess.com"]

[Event "Titled Tuesday Blitz July 11 Early 2023"]
[White "Bauman_Guy"]
[Black "Gontcharov, Vladislav"]
[BlackFideId "4123492"]
[WhiteElo "2741"]
[BlackElo "2591"]
[Result "1-0"]
[Round "5"]
[TimeControl "180+2"]
[Date "2023.07.11"]
[WhiteClock "0:01:03"]
[BlackClock "0:00:04"]
[Board "41"]

1. e4 e6 2. d4 d5 3. Nc3 Bb4 4. e5 c5 5. a3 Bxc3+ 6. bxc3 Ne7 7. Qg4 O-O 8. Bd3 Nbc6 9. Nf3 f5 10. Qg3 Qa5 11. Bd2 Qa4 12. dxc5 Qg4 13. O-O Ng6 14. Rfe1 Qa4 15. h4 Qg4 16. Qxg4 fxg4 17. Bxg6 gxf3 18. Bd3 fxg2 19. Kxg2 Bd7 20. Rab1 Rab8 21. h5 h6 22. f4 Be8 23. Rh1 Ne7 24. Bb5 Nf5 25. Bxe8 Rfxe8 26. Rb5 Re7 27. Rhb1 Rc7 28. a4 Kf7 29. a5 d4 30. a6 b6 31. cxb6 axb6 32. Rxb6 Rxb6 33. Rxb6 dxc3 34. Bc1 Ne7 35. Rb7 Rxb7 36. axb7 Nc6 37. Ba3 g6 38. hxg6+ Kxg6 39. Bd6 Kf5 40. Kg3 h5 41. b8=Q Nxb8 42. Bxb8 h4+ 43. Kxh4 Kxf4 44. Bd6 Ke3 45. Kg5 Kd2 46. Kf6 Kxc2 47. Bb4 Kd3 48. Bxc3 1-0


[Site "https://www.chess.com"]

[Event "Titled Tuesday Blitz July 11 Early 2023"]
[White "Gunina, Valentina"]
[Black "Ambartsumova, Karina"]
[WhiteFideId "4167570"]
[BlackFideId "4166299"]
[WhiteElo "2739"]
[BlackElo "2575"]
[Result "0-1"]
[Round "5"]
[TimeControl "180+2"]
[Date "2023.07.11"]
[WhiteClock "0:00:43"]
[BlackClock "0:00:07"]
[Board "42"]

1. d4 d6 2. Nf3 g6 3. c4 Bg7 4. Nc3 e5 5. h4 Bg4 6. dxe5 dxe5 7. Qxd8+ Kxd8 8. Ng5 Ke8 9. f3 Bd7 10. h5 h6 11. Nge4 f5 12. Nc5 g5 13. Nxb7 Nf6 14. Nc5 Kf7 15. e4 f4 16. Bd2 Bc6 17. Rc1 Nbd7 18. Nxd7 Bxd7 19. c5 Be6 20. b3 c6 21. Ba6 Rab8 22. Ke2 Rhd8 23. Rb1 Bf8 24. b4 Kg7 25. a3 Bf7 26. b5 Bxc5 27. bxc6 Ne8 28. Rxb8 Rxb8 29. Nd5 Bd6 30. Rc1 Nc7 31. Bb4 Bxb4 32. Nxb4 Rg8 33. Bc4 Rb8 34. Bxf7 Kxf7 35. Rd1 Ke6 36. Rd7 Nb5 37. Rxa7 Nxa7 38. Kd3 Rc8 39. Nd5 Nxc6 40. a4 Ra8 41. Kc4 Rxa4+ 42. Kb5 Ra2 43. Kxc6 Rxg2 44. Nc7+ Kf6 45. Kd6 g4 46. Nd5+ Kg5 47. Kxe5 gxf3 48. Nxf4 f2 49. Nh3+ Kh4 0-1


[Site "https://www.chess.com"]

[Event "Titled Tuesday Blitz July 11 Early 2023"]
[White "Rodchenkov, Sergey D."]
[Black "Xu, Yi"]
[WhiteFideId "4168712"]
[BlackFideId "8605564"]
[WhiteElo "2573"]
[BlackElo "2732"]
[Result "0-1"]
[Round "5"]
[TimeControl "180+2"]
[Date "2023.07.11"]
[WhiteClock "0:00:27"]
[BlackClock "0:01:06"]
[Board "43"]

1. e4 c5 2. Nf3 Nc6 3. d4 cxd4 4. Nxd4 Nf6 5. Nc3 e6 6. Nxc6 bxc6 7. e5 Nd5 8. Ne4 Qc7 9. f4 Rb8 10. a3 Be7 11. c4 O-O 12. cxd5 cxd5 13. Nd6 f6 14. Nb5 Rxb5 15. Bxb5 Qa5+ 16. Qd2 Qxb5 17. Qe2 Qb6 18. exf6 Bxf6 19. Be3 d4 20. Bf2 Ba6 21. Qd2 Qc6 22. Bxd4 Qe4+ 23. Be3 Bxb2 24. Ra2 Qb1+ 25. Kf2 Qxa2 0-1


[Site "https://www.chess.com"]

[Event "Titled Tuesday Blitz July 11 Early 2023"]
[White "Horobetz, Graham"]
[Black "Nazari, Arad"]
[WhiteFideId "2047322"]
[BlackFideId "12577324"]
[WhiteElo "2566"]
[BlackElo "2722"]
[Result "0-1"]
[Round "5"]
[TimeControl "180+2"]
[Date "2023.07.11"]
[WhiteClock "0:00:03"]
[BlackClock "0:00:10"]
[Board "44"]

1. e4 c5 2. Nf3 d6 3. d4 cxd4 4. Nxd4 Nf6 5. Nc3 a6 6. f3 e6 7. Be3 b5 8. Qd2 Nbd7 9. g4 b4 10. Nce2 h6 11. O-O-O Qc7 12. h4 d5 13. Bg2 Bb7 14. g5 Nh5 15. g6 e5 16. gxf7+ Kxf7 17. Nf5 d4 18. f4 Nc5 19. Nexd4 exd4 20. Qxd4 b3 21. Qc4+ Ke8 22. Bf3 Nf6 23. axb3 Rc8 24. Rhe1 Qf7 25. Bxc5 Qxc4 26. bxc4 Bxc5 27. Nxg7+ Kf7 28. Nf5 Rhe8 29. Nxh6+ Kg6 30. Nf5 Bxe4 31. Bxe4 Nxe4 32. Ne3 Nf2 33. Rg1+ Kf7 34. Nf5 Nxd1 35. Rxd1 Kf6 36. Nd6 Bxd6 37. Rxd6+ Kf5 38. Rxa6 Rxc4 39. b3 Rxf4 40. Ra5+ Kg4 41. h5 Rf5 42. Ra4+ Kxh5 43. Kb2 Kg6 44. Rc4 Rb8 45. b4 Kf6 46. Kb3 Ke6 47. c3 Kd6 48. Rd4+ Rd5 49. Rh4 Rb7 50. Kc4 Rg5 51. Rh6+ Kc7 52. Kb3 Kb8 53. c4 Rg3+ 54. Ka4 Ra7+ 55. Kb5 Rb7+ 56. Ka4 Rg1 57. Rh8+ Ka7 58. Kb3 Rg3+ 59. Ka4 Rg4 60. c5 Rgxb4+ 61. Ka5 R7b5# 0-1


[Site "https://www.chess.com"]

[Event "Titled Tuesday Blitz July 11 Early 2023"]
[White "Weetik, Vjacheslav"]
[Black "Leon Oquendo, Jorge"]
[WhiteFideId "4153472"]
[BlackFideId "3514803"]
[WhiteElo "2721"]
[BlackElo "2562"]
[Result "1-0"]
[Round "5"]
[TimeControl "180+2"]
[Date "2023.07.11"]
[WhiteClock "0:00:03"]
[BlackClock "0:00:15"]
[Board "45"]

1. d4 Nf6 2. c4 e6 3. g3 d5 4. Nf3 Be7 5. Bg2 O-O 6. O-O b6 7. cxd5 Nxd5 8. e4 Nf6 9. Nc3 Bb7 10. Re1 c5 11. d5 exd5 12. exd5 Bd6 13. Nh4 Re8 14. Nf5 Rxe1+ 15. Qxe1 Bf8 16. Bg5 Nbd7 17. Rd1 h6 18. Bf4 c4 19. d6 Bxg2 20. Kxg2 Nc5 21. Ne7+ Kh8 22. Nc6 Qd7 23. Ne5 Qb7+ 24. f3 Rd8 25. Nxc4 Ne6 26. Be5 Nd7 27. Qe4 Qa6 28. a4 Ndc5 29. Qd5 Nxa4 30. Ne4 Nac5 31. Nxc5 bxc5 32. Bc3 Kg8 33. Re1 Rd7 34. Rxe6 fxe6 35. Qxe6+ Rf7 36. Ne5 Bxd6 37. Nxf7 Qe2+ 38. Qxe2 1-0


[Site "https://www.chess.com"]